 Dungeon Crawl Stone Soup version 0.20.0-4-g10b340a (webtiles) character file.

736 Gargoyl the Skirmisher (level 7, -2/60 (61) HPs)
             Began as a Ghoul Abyssal Knight on May 28, 2017.
             Was a Believer of Lugonu.
             Slain by a gnoll
             ... wielding a +0 spear
              (4 damage)
             ... on level 5 of the Dungeon.
             The game lasted 00:09:43 (4866 turns).

Gargoyl the Skirmisher (Ghoul Abyssal Knight)       Turns: 4866, Time: 00:09:44

HP:   -2/60 (61)    AC: 18    Str: 21    XL:     7   Next: 74%
MP:   7/7           EV:  6    Int:  7    God:    Lugonu [**....]
Gold: 296           SH:  0    Dex: 10    Spells: 6/6 levels left

rFire    . . .     SeeInvis .   a - +2 hand axe
rCold    + . .     Gourm    .   (no shield)
rNeg     + + +     Faith    .   i - +0 plate armour
rPois    ∞         Spirit   .   (no helmet)
rElec    .         Reflect  .   s - +0 cloak
rCorr    .         Harm     .   l - +0 pair of gloves
MR       .....                  e - +0 pair of boots
Stlth    ..........             (no amulet)
Regen    0.0/turn               p - +3 ring of protection
MPRegen  0.1/turn               (no ring)

@: mighty, rotting, glowing
A: rotting body, claws 1, carnivore 3, cold resistance 1, negative energy
resistance 3, inhibited regeneration, torment resistance, unbreathing
a: Depart the Abyss, Bend Space, Renounce Religion


You were on level 5 of the Dungeon.
You worshipped Lugonu.
Lugonu was pleased with you.
You were not hungry.

You visited 1 branch of the dungeon, and saw 5 of its levels.
You visited the Abyss 1 time.

You collected 296 gold pieces.

Inventory:

Hand Weapons
 a - a +2 hand axe (weapon)
Armour
 e - a +0 pair of boots (worn)
 i - a +0 plate armour (worn)
 l - a +0 pair of gloves (worn)
 s - a +0 cloak (worn)
Jewellery
 p - a +3 ring of protection (left hand)
Wands
 t - a wand of lightning (11/15)
Scrolls
 n - 2 scrolls of remove curse
 q - a scroll of identify
 u - a scroll of noise {unknown}
 v - a scroll of recharging {unknown}
Potions
 b - a potion of agility {unknown}
 d - 2 potions of haste
 f - 2 potions of heal wounds {unknown}
 g - 2 potions of might
 h - a potion of flight {unknown}
 j - a potion of curing {unknown}
 k - a potion of invisibility {unknown}
 m - a potion of brilliance {unknown}
 o - a potion of lignification {unknown}
Comestibles
 c - 3 meat rations


   Skills:
 + Level 5.4 Fighting
 + Level 5.2 Axes
 + Level 4.4 Armour
 + Level 1.0 Dodging
 + Level 0.5 Stealth
 + Level 2.3 Invocations


You had 6 spell levels left.
You didn't know any spells.

Dungeon Overview and Level Annotations

Branches:
Dungeon (5/15)
 Temple: D:4-7

Altars:
Nemelex Xobeh


Innate Abilities, Weirdness & Mutations

Your body is rotting away.
You thrive on raw meat.
You are immune to poison.
You have sharp fingernails.
You are carnivorous and can eat meat at any time.
Your flesh is cold resistant. (rC+)
You are immune to negative energy. (rN+++)
You do not regenerate when monsters are visible.
You are immune to unholy pain and torment.
You can survive without breathing.


Message History

Your plate armour prevents you from hitting the gnoll. x2
The gnoll hits you but does no damage.
The gnoll shaman hits you but does no damage.
The gnoll hits you but does no damage.
You completely miss the gnoll shaman.
The gnoll shaman is almost dead.
You hit the gnoll. You barely miss the gnoll.
The gnoll hits you but does no damage.
The gnoll shaman hits you but does no damage.
You are electrocuted!
* * * LOW HITPOINT WARNING * * *
The gnoll hits you but does no damage. x2
You slice the gnoll shaman!!
You kill the gnoll shaman!
Lugonu accepts your kill.
You closely miss the gnoll. You slash the gnoll!
You kill the gnoll!
Lugonu accepts your kill. The gnoll hits you with a spear.
You die...

#.#####.# #.......#
#..###### #..# #..#
#..# #.##### #..#
#......##..#
......g@...# ###
######g###.# ####..
#. #.# ####....# #.
#.#####....#..#
#.###.....#.#....##
#...........#.#.##
#.#######.###.#.#
#. ###.# #.#.#
#.#####...# #.#.#


You could see 2 gnolls.

Vanquished Creatures
  The ghost of soberaf the Chopper, an amateur HuWr (D:3)
  An ice beast (D:5)
  2 scorpions
  3 crimson imps
  A gnoll shaman (D:5)
  Terence (D:3)
  2 iguanas (D:4)
  A worker ant (D:4)
  4 gnolls
  A howler monkey skeleton (D:5)
  5 adders
  A shadow imp (D:5)
  2 worms (D:2)
  2 dart slugs
  2 leopard geckos
  7 orcs
  3 giant cockroaches
  3 goblins
  5 hobgoblins
  11 jackals
  A quokka (D:4)
  A ball python (D:4)
  8 bats
  2 frilled lizards (D:1)
  13 kobolds
  A leopard gecko skeleton (D:4)
  7 rats
91 creatures vanquished.

Notes
Turn   | Place    | Note
-------+----------+-------------------------------------------
     0 | Abyss:1  | Gargoyl the Ghoul Abyssal Knight began the quest for the Orb.
     0 | Abyss:1  | Reached XP level 1. HP: 19/19 MP: 1/1
   124 | Abyss:2  | Noticed a large abomination
   130 | Abyss:2  | Noticed a worldbinder
   131 | Abyss:2  | Noticed a necromancer
   132 | Abyss:2  | Noticed a shadow
   133 | Abyss:2  | Noticed a shadow
   133 | Abyss:2  | Noticed a necromancer
   137 | D:1      | Escaped the Abyss
   152 | D:1      | Found a sparkling altar of Nemelex Xobeh.
   327 | D:1      | Reached XP level 2. HP: 27/27 MP: 2/2
  1001 | D:1      | Reached XP level 3. HP: 33/33 MP: 3/3
  1418 | D:2      | Reached * piety under Lugonu
  1518 | D:2      | Reached XP level 4. HP: 13/41 MP: 4/4
  1584 | D:2      | Found a faded altar of an unknown god.
  2375 | D:3      | Noticed Terence
  2396 | D:3      | Killed Terence
  2396 | D:3      | Reached XP level 5. HP: 32/47 MP: 5/5
  2823 | D:3      | Reached ** piety under Lugonu
  2855 | D:3      | Noticed soberaf's ghost (amateur HuWr)
  3399 | D:3      | Killed soberaf's ghost
  3399 | D:3      | Reached XP level 6. HP: 14/54 MP: 6/6
  3700 | D:4      | Reached skill level 5 in Fighting
  4119 | D:4      | Reached skill level 1 in Dodging
  4119 | D:4      | Reached XP level 7. HP: 52/60 MP: 7/7
  4490 | D:5      | Entered Level 5 of the Dungeon
  4736 | D:5      | Reached skill level 5 in Axes
  4865 | D:5      | HP: 2/60 [gnoll shaman/whip of electrocution (12)]
  4866 | D:5      | Slain by a gnoll

Skill      XL: |  1  2  3  4  5  6  7 |
---------------+----------------------+-----
Fighting       | 4 5 |  5.4
Axes           | 2 3 4 5 |  5.2
Armour         | 2 3 4 |  4.4
Dodging        | 1 |  1.0
Stealth        | |  0.5
Invocations    | |  2.3

Action                   |  1- 3 |  4- 6 |  7- 9 || total
-------------------------+-------+-------+-------++-------
Melee: Hand axe          |    71 |   274 |    82 ||   427
Invok: Depart the Abyss  |     1 |       |       ||     1
  Use: Scroll            |     4 |     4 |     2 ||    10
       Potion            |       |     1 |     1 ||     2
  Eat: Chunk             |     7 |    33 |     4 ||    44
Armor: Scale mail        |     3 |       |       ||     3
       Plate armour      |    81 |   251 |    82 ||   414
Dodge: Dodged            |    19 |    77 |    21 ||   117
